 Dungeon Crawl Stone Soup version 0.28-a0-1389-gc726bef33b (webtiles) character file.

Game seed: 6487477027683775933

221 ChaosChampion the Magician (level 6, -6/42 HPs)
             Began as a Djinni Air Elementalist on Jan 3, 2022.
             Was an Initiate of Ashenzari.
             Killed by miscasting Airstrike (10 damage)
             ... on level 4 of the Dungeon.
             The game lasted 00:04:04 (4962 turns).

ChaosChampion the Magician (DjAE)                   Turns: 4962, Time: 00:04:05

Health: -6/42      AC:  2    Str:  7    XL:     6   Next: 18%
Gold:   154        EV: 13    Int: 19    God:    Ashenzari [......] SH:  0 Dex: 13

rFire   + + .      SeeInvis .   (no weapon)
rCold   x . .      Faith    .   (no shield)
rNeg    . . .      Spirit   .   a - +0 robe
rPois   ∞          Reflect  .   (no helmet)
rElec   .          Harm     .   (no cloak)
rCorr   .          Rampage  .   (no gloves)
Will    .....                   (boots unavailable)
Stlth   ++........              (no amulet)
HPRegen 0.14/turn               (no ring)
MPRegen 0.00/turn               (no ring)

@: flying, very slightly contaminated
A: sickness immunity, fire resistance 2, cold vulnerability 1, float, innate
caster, hp casting, extra vitality 1
a: Renounce Religion


You were on level 4 of the Dungeon.
You worshipped Ashenzari.
Ashenzari was noncommittal.
You visited 1 branch of the dungeon, and saw 4 of its levels.

You collected 209 gold pieces.
You spent 55 gold pieces at shops.

Inventory:

Armour
 a - a +0 robe (worn)
Scrolls
 c - a scroll of enchant weapon {unknown}
 d - 4 scrolls of identify {unknown}
 e - a scroll of silence {unknown}
 g - a scroll of vulnerability {unknown}
 j - a scroll of torment {unknown}
 l - a scroll of teleportation {unknown}
Potions
 b - a potion of brilliance {unknown}
 f - 2 potions of degeneration {unknown}
 h - a potion of invisibility {unknown}
 i - a potion of haste {unknown}
 k - a potion of mutation {unknown}


   Skills:
 + Level 1.6 Fighting
 + Level 3.9 Dodging
 - Level 1.5 Stealth
 * Level 4.1 Spellcasting


You couldn't memorise any spells.
You knew the following spells:

 Your Spells              Type           Power      Damage    Failure   Level
a - Shock                 Conj/Air       76%        1d7       2%          1
b - Sting                 Tmut/Pois      76%        1d6       2%          1
c - Static Discharge      Conj/Air       19%        N/A       3%          2
d - Airstrike             Air            9%         N/A       24%         4
e - Swiftness             Air            19%        N/A       8%          3
f - Ensorcelled Hibernat  Hex/Ice        38%        N/A       3%          2
Your spell library was empty.

Dungeon Overview and Level Annotations

Branches:
Dungeon (4/15)
 Temple: D:4-7

Altars:
Ashenzari
Fedhas
Gozag
Trog

Shops:
D:1 *   D:2 :


Innate Abilities, Weirdness & Mutations

You are immune to sickness and miasma.
You are immune to poison.
Your flesh is very heat resistant. (rF++)
You are vulnerable to cold. (rC-)
You float through the air rather than walking.
You learn spells naturally, not from books.
Your magical power is your life essence.
You have superior vitality. (+4 MHP)


Message History

You are very lightly contaminated with residual magic.
The wind whips around you!
The gnoll shouts!
You hear a shout!
Casting: Airstrike (quite dangerous; 26% risk of failure)
Confirm with . or Enter, or press ? or * to list all spells.
The spell is quite dangerous to miscast (26% risk of failure)!
Continue anyway?
Aiming: Airstrike (quite dangerous; 26% risk of failure)
Press: ? - help, Dir - move target, f/p - gnoll
Aim: a gnoll, wielding a +0 club (almost dead, empty space bonus: 8/8)
The air twists around and strikes the gnoll!
You kill the gnoll!
A gnoll comes into view. It is wielding a +0 halberd.
A gnoll shaman comes into view. It is wielding a +0 club.
Casting: Airstrike (quite dangerous; 26% risk of failure)
Confirm with . or Enter, or press ? or * to list all spells.
The spell is quite dangerous to miscast (26% risk of failure)!
Continue anyway?
Aiming: Airstrike (quite dangerous; 26% risk of failure)
Press: ? - help, Dir - move target, f - gnoll
Aim: a gnoll, wielding a +0 spear (empty space bonus: 8/8)
The air twists around and strikes the gnoll!
You kill the gnoll!
* * * LOW HITPOINT WARNING * * *
You hear a shout!
Casting: Airstrike (quite dangerous; 24% risk of failure)
Confirm with . or Enter, or press ? or * to list all spells.
The spell is quite dangerous to miscast (24% risk of failure)!
Continue anyway?
Aiming: Airstrike (quite dangerous; 24% risk of failure)
Press: ? - help, Dir - move target, f - gnoll
Aim: a gnoll, wielding a +0 halberd (empty space bonus: 7/8)
You miscast Airstrike.
Nothing appears to happen.
* * * LOW HITPOINT WARNING * * *
A gnoll comes into view. It is wielding a +0 halberd.
Casting: Airstrike (quite dangerous; 24% risk of failure)
Confirm with . or Enter, or press ? or * to list all spells.
The spell is quite dangerous to miscast (24% risk of failure)!
Continue anyway?
Aiming: Airstrike (quite dangerous; 24% risk of failure)
Press: ? - help, Dir - move target, f/p - gnoll
Aim: a gnoll, wielding a +0 halberd (empty space bonus: 7/8)
You miscast Airstrike.
You feel a sudden electric shock!
You die...

### ## ##..#
###.###...##
#.(...#....#
#........#
#.#........#
.......@..#
...#.>..###
#.....
....##..
#..g.. ..#
#.g... ...
g.... ..##
..... ..#


You could see a gnoll shaman and 2 gnolls.

Vanquished Creatures
  An iguana (D:3)
  A hound zombie (D:3)
  2 gnolls (D:4)
  5 adders
  2 worms (D:2)
  2 orcs (D:3)
  7 ball pythons
  8 bats
  6 endoplasms
  6 giant cockroaches
  19 hobgoblins
  2 jackals (D:3)
  8 kobolds
  3 quokkas
  5 frilled lizards
  14 goblins
  8 rats
99 creatures vanquished.

Notes
Turn   | Place    | Note
-------+----------+-------------------------------------------
     0 | D:1      | ChaosChampion the Djinni Air Elementalist began the quest
                  | for the Orb.
     0 | D:1      | Reached XP level 1. HP: 15/15 MP: 0/0
    85 | D:1      | Reached XP level 2. HP: 14/21 MP: 0/0
   470 | D:1      | Found a faded altar of an unknown god.
   552 | D:1      | Reached XP level 3. HP: 20/25 MP: 0/0
   552 | D:1      | Learned a level 1 spell: Sting
   553 | D:1      | Reached skill level 3 in Spellcasting
   927 | D:1      | Found Gis Ukki's Assorted Antiques.
   979 | D:1      | Bought a golden potion for 26 gold pieces
   979 | D:1      | Bought a scroll labelled REX ECSACUMI for 29 gold pieces
  1579 | D:2      | Reached XP level 4. HP: 26/31 MP: 0/0
  1719 | D:2      | Found Beef's Book Boutique.
  3050 | D:3      | Found a broken altar of Ashenzari.
  3074 | D:3      | Became a worshipper of Ashenzari the Shackled
  3103 | D:3      | Found a bloodstained altar of Trog.
  3330 | D:3      | Reached XP level 5. HP: 33/36 MP: 0/0
  3330 | D:3      | Learned a level 2 spell: Ensorcelled Hibernation
  3766 | D:3      | Reached skill level 1 in Fighting
  4151 | D:3      | Found a blossoming altar of Fedhas.
  4215 | D:3      | Found an opulent altar of Gozag.
  4277 | D:3      | Reached skill level 4 in Spellcasting
  4314 | D:3      | Reached XP level 6. HP: 31/42 MP: 0/0
  4463 | D:3      | Noticed an ice beast
  4962 | D:4      | Killed by miscasting Airstrike

Illustrated notes

Levels and vault maps discovered:
D:1:      psy_arrival_conway, layout_loops_ring, serial_shops,
          nicolae_square_shop, ebering_ecumenical_altar_box, minmay_cut_off
D:2:      layout_basic, serial_shops, nicolae_shop_hallway_stairs
D:3:      minmay_razor_zed, layout_basic, nicolae_overflow_crystal_walls,
          amcnicky_altar_gilded, mainiacjoe_overflow_brackets, fedhas_altar_2
D:4:      layout_cave_pools, minmay_temple_entry_overgrown,
          nicolae_concentric_dashed_squares_wild, grunt_tough_drop, uniq_duvessa

Skill      XL: |  1  2  3  4  5 |
---------------+----------------+-----
Spellcasting   | 3 4 |  4.1
Dodging        | 3 |  3.9
Fighting       | 1 |  1.6
Stealth        | |  1.5

Action                   |  1- 3 |  4- 6 || total
-------------------------+-------+-------++-------
 Cast: Shock             |    65 |   121 ||   186
       Sting             |     3 |     5 ||     8
       Airstrike         |       |     6 ||     6
       Static Discharge  |       |     2 ||     2
Armor: Robe              |     2 |     1 ||     3
Dodge: Dodged            |     1 |    10 ||    11

Table legend: (Time is in decaauts)
 A = Elapsed time spent in this place.
 B = Non-inter-level travel time spent in this place.
 C = Inter-level travel time spent in this place.
 D = Time resting spent in this place.
 E = Time spent auto-exploring this place.
 F = Levels seen in this place.
 G = Mean time per level.
                   A        B        C        D        E       F      G
               +--------+--------+--------+--------+--------+-----+--------+
         Total |   4962 |   4848 |    114 |    306 |   4023 |   4 | 1240.5 |
       Dungeon |   4962 |   4848 |    114 |    306 |   4023 |   4 | 1240.5 |
               +--------+--------+--------+--------+--------+-----+--------+

Top non-repeatable levels by time:
     D:2: 1716 daAuts
     D:3: 1674 daAuts
     D:1: 1566 daAuts
     D:4: 5 daAuts
